 Dungeon Crawl Stone Soup version 0.20-a0-1122-gb7cbeb9 (webtiles) character file.

2982 nikopol the Skirmisher (level 9, -4/57 HPs)
             Began as a Gargoyle Berserker on May 14, 2017.
             Was an Elder of Trog.
             Slain by an unseen horror (5 damage)
             ... on level 7 of the Dungeon.
             The game lasted 00:19:01 (8467 turns).

nikopol the Skirmisher (Gargoyle Berserker)         Turns: 8467, Time: 00:19:02

Health: -4/57      AC: 28    Str: 22    XL:     9   Next: 83%
Magic:  0/9        EV:  8    Int:  9    God:    Trog [****..]
Gold:   393        SH:  0    Dex: 12    Spells: 8/8 levels left

rFire    . . .     SeeInvis .   a - +0 war axe (freeze)
rCold    . . .     Gourm    .   (no shield)
rNeg     + . .     Faith    .   E - +10 plate armour "Haunu" {+Blink rPois Int+2}
rPois    ∞         Spirit   +   (no helmet)
rElec    +         Reflect  .   D - +0 cloak
rCorr    .         Harm     .   s - +0 pair of gloves
MR       .....                  (no boots)
Stlth    ..........             C - amulet of guardian spirit
Regen    0.2/turn               (no ring)
MPRegen  0.2/turn               y - -3 ring of protection (curse)

@: starving
A: negative energy resistance 1, electricity resistance, unbreathing,
petrification resistance, rot immunity, AC +5
a: Berserk, Trog's Hand, Brothers in Arms, Burn Spellbooks, Renounce Religion,
Evoke Blink


You were on level 7 of the Dungeon.
You worshipped Trog.
Trog was greatly pleased with you.
You were starving.

You visited 1 branch of the dungeon, and saw 7 of its levels.

You collected 393 gold pieces.

Inventory:

Hand Weapons
 a - a +0 war axe of freezing (weapon)
 z - a +0 shortbow
Missiles
 I - 44 arrows
Armour
 s - a +0 pair of gloves (worn)
 D - a +0 cloak (worn)
 E - the +10 plate armour "Haunu" (worn) {+Blink rPois Int+2}
   (You found it on level 7 of the Dungeon)

   It affects your intelligence (+2).
   It protects you from poison.
   It lets you blink.
Jewellery
 g - an uncursed amulet of faith {unknown}
 n - a +2 ring of protection
 o - an uncursed ring of resist corrosion
 y - a cursed -3 ring of protection (right hand)
 C - an amulet of guardian spirit (around neck)
Scrolls
 e - a scroll of remove curse {unknown}
 k - a scroll of fear {unknown}
 m - a scroll of enchant armour {unknown}
 q - 2 scrolls of teleportation
 t - 2 scrolls of blinking
 v - a scroll of amnesia {unknown}
 G - a scroll of enchant weapon {unknown}
 L - a scroll of fog {unknown}
 M - a scroll of random uselessness {unknown}
Potions
 f - 2 potions of might
 i - a potion of magic {unknown}
 j - 2 potions of heal wounds
 l - a potion of degeneration {unknown}
 p - 3 potions of brilliance {unknown}
 r - a potion of mutation {unknown}
 w - 2 potions of flight {unknown}
 A - 2 potions of curing
 B - a potion of agility {unknown}
 F - 2 potions of lignification
Comestibles
 c - 2 bread rations
 u - 3 meat rations
 x - a royal jelly


   Skills:
 + Level 7.4 Fighting
 * Level 7.3 Axes
 * Level 4.0 Bows
 + Level 6.7 Armour
 + Level 5.0 Dodging


You had 8 spell levels left.
You didn't know any spells.

Dungeon Overview and Level Annotations

Branches:
Dungeon (7/15)             Temple (0/1) D:4

Altars:
Dithmenos
Elyvilon
Hepliaklqana
Makhleb
Nemelex Xobeh
Okawaru
Wu Jian
Xom
The Shining One

Shops:
D:5 *:


Innate Abilities, Weirdness & Mutations

You are resistant to torment.
Your stone body is resilient. (AC +5)
You are immune to poison.
You resist negative energy. (rN+)
You are resistant to electric shocks. (rElec)
You can survive without breathing.
You are immune to petrification.
You are immune to rotting.


Message History

Something hits you.
* * * LOW HITPOINT WARNING * * *
You closely miss something. Something hits you but does no damage.
Something hits you but does no damage. Something hits you.
* * * LOW HITPOINT WARNING * * *
Your plate armour "Haunu" prevents you from hitting something.
Something hits you but does no damage. Something hits you but does no damage.
Something hits you but does no damage. x2
Something hits you but does no damage. Something hits you but does no damage.
Something hits you but does no damage. x2
You closely miss something. Something hits you but does no damage.
Something hits you.
* * * LOW HITPOINT WARNING * * *
Something hits you but does no damage.
You closely miss something. Something hits you but does no damage.
You're too hungry.
Something hits you. x2
You die...

###############.....
#............##.##.#
##..#########.##.#... #...#
#....)._. ##### #...#
####.#... #...# #...# #.##.#
#...# #...# #..... #...#
####...###############.#
#...###......@.........# #.#
#........##..########### #.#
#............# ##### #.#
#............###...###### #.#
#.......................####(.
##...........##....####....(##
#.............#...## #.....##
#.........#.#......###.......
#.........#.###......#......#


There were no monsters in sight!

Vanquished Creatures
  Joseph (D:7)
  Prince Ribbit (D:7)
  3 phantoms
  3 orc warriors
  A sky beast (D:7)
  An ice beast (D:5)
  2 ogres (D:7)
  2 centaurs (D:6)
  A big kobold (D:6)
  4 bullfrogs
  A howler monkey (D:6)
  4 crimson imps
  A bullfrog zombie (D:5)
  7 orc priests
  A hound (D:5)
  Crazy Yiuf (D:5)
  5 orc wizards
  A centaur skeleton (D:7)
  2 iguanas
  4 worker ants
  A worker ant zombie (D:5)
  11 gnolls
  7 adders
  A shadow imp (D:5)
  An adder skeleton (D:6)
  5 worms
  4 leopard geckos
  24 orcs
  A ball python (D:3)
  5 giant cockroaches
  4 goblins
  5 hobgoblins
  6 jackals
  13 kobolds
  2 quokkas
  6 bats
  7 frilled lizards
  A leopard gecko zombie (D:7)
  A quokka zombie (D:7)
  6 rats
157 creatures vanquished.

Vanquished Creatures (others)
  A bullfrog (D:6)
  A kobold (D:6)
2 creatures vanquished.

Grand Total: 159 creatures vanquished

Notes
Turn   | Place    | Note
-------+----------+-------------------------------------------
     0 | D:1      | nikopol the Gargoyle Berserker began the quest for the Orb.
     0 | D:1      | Reached XP level 1. HP: 14/14 MP: 1/1
   325 | D:1      | Reached XP level 2. HP: 15/19 MP: 2/2
   955 | D:2      | Reached XP level 3. HP: 16/24 MP: 3/3
  1389 | D:2      | Found a sparkling altar of Nemelex Xobeh.
  1389 | D:2      | Found a glowing golden altar of the Shining One.
  1541 | D:2      | Reached XP level 4. HP: 15/29 MP: 4/4
  1899 | D:2      | Reached ** piety under Trog
  1993 | D:3      | Reached XP level 5. HP: 26/33 MP: 5/5
  2765 | D:4      | Found a white marble altar of Elyvilon.
  2765 | D:4      | Found a shadowy altar of Dithmenos.
  3028 | D:4      | Reached XP level 6. HP: 38/39 MP: 6/6
  3047 | D:4      | Found a staircase to the Ecumenical Temple.
  3744 | D:4      | Found a hazy altar of Hepliaklqana.
  3864 | D:4      | Found a shadowy altar of Dithmenos.
  4017 | D:5      | Entered Level 5 of the Dungeon
  4132 | D:5      | Reached *** piety under Trog
  4132 | D:5      | Reached skill level 5 in Fighting
  4133 | D:5      | Noticed an ice beast
  4135 | D:5      | Found Ikiymn's Book Shop.
  4150 | D:5      | Killed an ice beast
  4150 | D:5      | Reached XP level 7. HP: 24/44 MP: 7/7
  4766 | D:5      | Found a runed door.
  4770 | D:5      | Noticed Crazy Yiuf
  4774 | D:5      | Killed Crazy Yiuf
  4859 | D:5      | Reached skill level 5 in Armour
  4863 | D:5      | Found an iron altar of Okawaru.
  4868 | D:5      | Found Pexkuen's Assorted Antiques.
  5214 | D:6      | Reached skill level 5 in Axes
  5214 | D:6      | Reached XP level 8. HP: 45/51 MP: 8/8
  5892 | D:6      | Found a burning altar of Makhleb.
  6015 | D:6      | Reached **** piety under Trog
  6705 | D:7      | Noticed Prince Ribbit
  6724 | D:7      | Killed Prince Ribbit
  6724 | D:7      | Reached skill level 1 in Bows
  6951 | D:7      | Reached XP level 9. HP: 46/56 MP: 6/9
  7100 | D:7      | Noticed Joseph
  7110 | D:7      | HP: 2/84 [Joseph/uncursed quarterstaff (15)]
  7114 | D:7      | Killed Joseph
  7121 | D:7      | Found a shimmering altar of Xom.
  7636 | D:7      | Got a faintly humming plate armour
  7647 | D:7      | Identified the +10 plate armour "Haunu" {+Blink rPois Int+2} (You found it on level 7 of the Dungeon)
  7706 | D:7      | Found an ornate altar of the Wu Jian Council.
  8278 | D:6      | Reached skill level 5 in Dodging
  8465 | D:7      | HP: 1/57 [something (5)]
  8467 | D:7      | Slain by an unseen horror

Vault maps used:
D:1:      minmay_arrival_doors
D:2:      amethyst_overflow_temple_binary
D:3:      first_bread
D:4:      lemuel_round_altar, chequers_temple_overflow_statue_of_worship,
          minmay_temple_entry_large_hall, moated_statue, grunt_dithmenos_smoke
D:5:      serial_shops, nicolae_shop_temple_entry_statues_fountains, shop,
          okawaru_ov_weapons_minmay, uniq_crazy_yiuf_cottage
D:6:      marbit_many_paths, lemuel_another_geyser
D:7:      lemuel_doored_altar, nicolae_overflow_crystal_walls, uniq_joseph,
          uniq_prince_ribbit1

Skill      XL: |  1  2  3  4  5  6  7  8  9 |
---------------+----------------------------+-----
Armour         | 3 4 5 6 |  6.7
Axes           | 3 4 5 6 7 |  7.3
Fighting       | 4 5 6 7 |  7.4
Dodging        | 2 3 4 5 |  5.0
Bows           | 1 4 |  4.0

Action                   |  1- 3 |  4- 6 |  7- 9 || total
-------------------------+-------+-------+-------++-------
Melee: Hand axe          |   111 |   199 |    81 ||   391
       War axe           |       |       |   288 ||   288
 Fire: Shortbow          |       |       |    18 ||    18
Invok: Berserk           |     1 |     1 |     5 ||     7
       Trog's Hand       |       |       |     2 ||     2
       Burn Spellbooks   |       |       |     1 ||     1
  Use: Scroll            |       |       |     8 ||     8
  Eat: Chunk             |     2 |    10 |    15 ||    27
       Royal jelly       |       |       |     1 ||     1
Armor: Animal skin       |    13 |       |       ||    13
       Ring mail         |    35 |   100 |   116 ||   251
       Plate armour      |       |       |   257 ||   257
Dodge: Dodged            |    77 |   120 |   197 ||   394
